 Dungeon Crawl Stone Soup version 0.18-a0-1572-g0a86841 (webtiles) character file.

198 M4edhros the Poker (level 5, -4/43 HPs)
             Began as an Octopode Chaos Knight on Mar 15, 2016.
             Slain by an ogre
             ... wielding a +0 giant club
              (26 damage)
             ... on level 4 of the Dungeon.
             The game lasted 00:05:53 (2917 turns).

M4edhros the Poker (Octopode Chaos Knight)          Turns: 2917, Time: 00:05:54

Health: -4/43      AC:  5    Str: 11    XL:     5   Next: 76%
Magic:  5/5        EV:  9    Int: 15    God:    Xom [..*...]
Gold:   93         SH:  3    Dex: 12    Spells: 0 memorised, 4 levels left

rFire  x . .     SeeInvis .     (weapon currently unavailable)
rCold  + + +     Gourm    .     (shield currently unavailable)
rNeg   . . .     Faith    .     (helmet currently unavailable)
rPois  +         Spirit   .     f - +3 amulet of reflection
rElec  .         Dismiss  .     (no ring)
rCorr  .         Reflect  +     (no ring)
SustAt .         Harm     .     (no ring)
MR     .....                    (no ring)
Stlth  +.........               (no ring)
                                (no ring)
                                (no ring)
                                (no ring)

@: ice-form (expiring), heavily drained, not resistant to hostile enchantments,
very unstealthy
A: almost no armour, amphibious, 8 rings, (constrict 8), (camouflage 0),
(gelatinous body 0)
a: Renounce Religion


You were on level 4 of the Dungeon.
You worshipped Xom.
You were a toy of Xom.
You were hungry.
You were a creature of crystalline ice.
You visited 1 branch of the dungeon, and saw 4 of its levels.

You collected 93 gold pieces.

Inventory:

Hand Weapons
 a - a +0 spear of chaos (melded)
 n - a +0 hunting sling
Missiles
 o - 42 stones (quivered)
Armour
 d - a +0 shield (melded)
Jewellery
 f - a +3 amulet of reflection (around neck)
 r - an uncursed amulet of harm
Wands
 c - a wand of slowing (0/48)
 e - a wand of iceblast (10/15)
 p - a wand of paralysis (7/24)
Scrolls
 m - a scroll of teleportation
 s - 3 scrolls of identify
Potions
 j - a potion of curing
Comestibles
 b - a bread ration
 g - a meat ration
 i - 2 slices of pizza


   Skills:
 - Level 3.0(1.8) Fighting
 + Level 6.2(5.0) Polearms
 - Level 2.3(1.2) Dodging


You had 4 spell levels left.
You didn't know any spells.

Dungeon Overview and Level Annotations

Branches:
Dungeon (3/15)

Altars:
Ashenzari
Elyvilon
Okawaru
Pakellas
Sif Muna

Annotations:
D:3 M4edhros's ghost, amateur OpCK; Sigmund


Innate Abilities, Weirdness & Mutations

You cannot wear most types of armour.
You are amphibious.
You can wear up to eight rings at the same time.
((You can use your tentacles to constrict eight enemies at once.))
((Your skin changes colour to match your surroundings (Stealth).))
((Your rubbery body absorbs attacks (AC +1).))


Message History

Xom grants you insight.
You detect nothing.
The adder bites you.
* * * LOW HITPOINT WARNING * * *
"Go forth and cause havoc, mortal!"
You feel much better.
Things that are here:
a club; a dagger You punch the adder!
You freeze the adder.
You kill the adder!
You hit the ogre. You freeze the ogre.
The ogre is lightly wounded.
The ogre hits you with a giant club.
You punch the ogre! You freeze the ogre.
The ogre is heavily wounded.
Your transformation is almost over.
The ogre hits you with a giant club!!
Ouch! That really hurt!
You die...
Xom chuckles heartily!

. ##.. #...........##
.. #..####(.........##
...###.....#..........#
...........#).....(...#
#.......#..........#
###.......#.8.8.8.8).#
#.........#########).#
...#..........#.......#
# #.........YO.......#
#........)##.......#
#.........##.......#
#.........##.......#
#.........##########
#.........# ##.......##
#.....# ######


You could see an ogre.

Vanquished Creatures
  A scorpion (D:4)
  Crazy Yiuf (D:2)
  6 adders
  An ooze (D:1)
  A dart slug (D:1)
  3 ball pythons
  4 giant cockroaches
  12 goblins
  6 hobgoblins
  4 jackals (D:2)
  10 bats
  8 kobolds
  5 rats
62 creatures vanquished.

Vanquished Creatures (others)
  An iguana (D:2)
  An orc (D:3)
2 creatures vanquished.

Grand Total: 64 creatures vanquished

Notes
Turn   | Place    | Note
--------------------------------------------------------------
     0 | D:1      | M4edhros the Octopode Chaos Knight began the quest for the Orb.
     0 | D:1      | Reached XP level 1. HP: 16/16 MP: 1/1
    99 | D:1      | XOM: silly message
   107 | D:1      | Reached XP level 2. HP: 15/21 MP: 2/2
   397 | D:1      | Reached skill level 4 in Polearms
   397 | D:1      | XOM: divination: magic mapping
   536 | D:1      | Reached XP level 3. HP: 26/26 MP: 3/3
   887 | D:2      | Found a shattered altar of Ashenzari.
  1064 | D:2      | Found an iron altar of Okawaru.
  1108 | D:2      | XOM: harmless Ice miscast
  1315 | D:2      | Noticed Crazy Yiuf
  1335 | D:2      | Killed Crazy Yiuf
  1335 | D:2      | Reached skill level 5 in Polearms
  1335 | D:2      | Reached XP level 4. HP: 9/31 MP: 4/4
  1595 | D:2      | Found a white marble altar of Elyvilon.
  1755 | D:2      | Found an oddly glowing altar of Pakellas.
  1755 | D:2      | Noticed an orange crystal statue
  1842 | D:2      | Found a deep blue altar of Sif Muna.
  1873 | D:2      | Reached XP level 5. HP: 29/36 MP: 5/5
  2068 | D:3      | Noticed M4edhros's ghost (amateur OpCK)
  2070 | D:3      | XOM: potion effect (berserk rage)
  2128 | D:3      | XOM: harmless Trmt miscast
  2135 | D:3      | XOM: divination: magic mapping
  2166 | D:3      | XOM: noise
  2170 | D:3      | XOM: mild Air miscast
  2175 | D:3      | Noticed Sigmund
  2198 | D:3      | You fall through a shaft!
  2355 | D:4      | XOM: harmless Hex miscast
  2399 | D:4      | HP: 1/36 [goblin/club (4)]
  2639 | D:4      | Reached skill level 6 in Polearms
  2858 | D:4      | XOM: silly message
  2882 | D:4      | XOM: cast spell 'Hydra Form'
  2890 | D:4      | Noticed an ogre
  2897 | D:4      | XOM: cast spell 'Ice Form'
  2910 | D:4      | XOM: divination: detect creatures
  2913 | D:4      | XOM: potion effect (heal wounds)
  2917 | D:4      | Slain by an ogre

Vault maps used:
D:1:      dpeg_arrival_rhombi, st_stairs_10
D:2:      lemuel_crystal_altar, elyvilon_altar_3,
          gammafunk_pakellas_statue_experiment, lemuel_crystal_altar,
          lemuel_blue_sif_altar, uniq_crazy_yiuf_cottage
D:3:      overflow_temple_1_default, marbit_many_paths, old_standard_altar,
          uniq_sigmund
D:4:      kennysheep_the_goblin_king

Skill      XL: |  1  2  3  4  5 |
---------------+----------------+-----
Polearms       | 4 5 6 |  6.2
Fighting       | |  3.0
Dodging        | |  2.3

Action                   |  1- 3 |  4- 6 || total
-------------------------+-------+-------++-------
Melee: Spear             |   112 |    89 ||   201
       Unarmed           |       |     8 ||     8
Evoke: Wand              |       |     1 ||     1
  Use: Scroll            |     5 |     2 ||     7
       Potion            |     1 |     5 ||     6
 Stab: Sleeping          |     6 |     1 ||     7
  Eat: Chunk             |     1 |     4 ||     5
       Pizza             |       |     1 ||     1
